 Dungeon Crawl Stone Soup version 0.30-a0-652-gcc886f7154 (webtiles) character file.

Game seed: 1037176125580889793

175083 drugrobin the Brawler (level 16, -2/225 HPs)
             Began as a Demigod Delver on Jan 17, 2023.
             Slain by a salamander tyrant (19 damage)
             ... on level 4 of the Snake Pit.
             The game lasted 01:48:54 (34384 turns).

drugrobin the Brawler (Demigod Delver)             Turns: 34384, Time: 01:48:55

Health: -2/225     AC: 28    Str: 24    XL:     16   Next: 91%
Magic:  0/26       EV:  2    Int: 20    God:
Gold:   412        SH: 13    Dex: 25    Spells: 23/23 levels left

rFire   . . .      SeeInvis .      - Unarmed
rCold   . . .      Faith    .    X - +0 buckler
rNeg    . . .      Spirit   +    (body armour currently unavailable)
rPois   +          Reflect  .    (helmet currently unavailable)
rElec   .          Harm     .    (cloak currently unavailable)
rCorr   .          Rampage  .    (gloves currently unavailable)
Will    +....      NoTele   +    (boots currently unavailable)
Stlth   +++                      F - brooch of Shielding {Spirit SH+8}
HPRegen 0.57/turn                E - +6 ring of dexterity
MPRegen 0.20/turn                v - ring of the Inquisitive Allies {EV+5 Str+3}

@: lethally poisoned (-2 -> -3), tree-form, weakened, slowed, studying Armour,
very slow
A: stationary, stasis, torment immunity, boosted hp, high MP 1, forlorn, divine
attributes
a: no special abilities


You were on level 4 of the Snake Pit.
You were a tree.
You visited 5 branches of the dungeon, and saw 27 of its levels.
You also visited: Sewer and Ice Cave.

You collected 2469 gold pieces.
You spent 2057 gold pieces at shops.

Inventory:

Hand Weapons
 c - a +2 dagger of venom
 g - the +7 whip of Cosurr {pain, rElec}
   (You found it on level 15 of the Dungeon)

   rElec:     It insulates you from electricity.
Missiles
 y - 3 boomerangs (quivered)
 H - 4 throwing nets
 L - 42 poisoned darts
Armour
 h - the +3 pair of seven-league boots (melded) {Rampage+∞}
   (You acquired it on level 1 of the Lair of Beasts)

   Rampage+∞: When moving toward enemies, its wearer moves as far as possible.
 n - the +1 pair of gloves "Fiogurr" (melded) {rCorr Dex+2}
   (You found it on level 12 of the Dungeon)

   Dex:       It affects your dexterity (+2).
   rCorr:     It protects you from acid and corrosion.
 I - a +2 helmet of see invisible (melded)
 U - an orb of wrath
 V - a +0 troll leather armour (melded)
 X - a +0 buckler (worn)
Jewellery
 v - the ring of the Inquisitive Allies (right branch) {EV+5 Str+3}
   (You found it in an ice cave)

   [ring of evasion]

   EV:        It affects your evasion (+5).
   Str:       It affects your strength (+3).
 A - a ring of poison resistance
 B - a ring of flight
 D - a ring of protection from fire
 E - a +6 ring of dexterity (left branch)
 F - the brooch of Shielding (around neck) {Spirit SH+8}
   (You bought it in a shop on level 1 of the Snake Pit)

   [amulet of guardian spirit]

   It causes incoming damage to be divided between your reserves of health and
   magic.
   SH:        It affects your SH (+8).
 J - a ring of protection from cold
Wands
 a - a wand of iceblast (6)
 f - a wand of digging (9)
 j - a wand of paralysis (10)
 C - a wand of mindburst (19)
 O - a wand of flame (40)
 Y - a wand of polymorph (6)
Scrolls
 i - a scroll of brand weapon
 k - 4 scrolls of immolation
 l - 5 scrolls of blinking
 s - a scroll of vulnerability
 u - 16 scrolls of teleportation
 w - a scroll of summoning
 x - 8 scrolls of fog
 K - a scroll of poison
 N - 2 scrolls of amnesia
 P - a scroll of enchant armour
 Q - 2 scrolls of identify
 R - 2 scrolls of silence
Potions
 e - 5 potions of haste
 m - 21 potions of curing
 o - 2 potions of invisibility
 p - 7 potions of heal wounds
 q - 5 potions of ambrosia
 r - 3 potions of might
 z - 5 potions of lignification
 S - a potion of flight
 T - 5 potions of attraction
 Z - a potion of magic
Miscellaneous
 b - a lightning rod (4/4)
 d - a condenser vane
 t - a tin of tremorstones (1/2)
 G - a phantom mirror
 M - a piece from Xom's chessboard (15/15)


   Skills:
 + Level 15.7 Fighting
 - Level 8.0 Armour
 - Level 12.0 Dodging
 - Level 4.5 Stealth
 + Level 20.8 Unarmed Combat
 - Level 4.0 Spellcasting
 - Level 4.0 Evocations


You had 23 spell levels left.
You didn't know any spells.
Your spell library contained the following spells:

 Spells                   Type           Power      Damage    Failure   Level
 Apportation              Tloc           8%         N/A       17%         1
 Necrotise                Necr           16%        1d4       17%         1
 Sandblast                Erth           8%         2d5       17%         1
 Passwall                 Tmut/Erth      3%         N/A       26%         2
 Static Discharge         Conj/Air       8%         2-3/arc   26%         2
 Inner Flame              Hex/Fire       4%         N/A       45%         3
 Spider Form              Tmut/Pois      4%         N/A       45%         3
 Stone Arrow              Conj/Erth      8%         3d7       45%         3
 Tukima's Dance           Hex            4%         N/A       45%         3
 Vampiric Draining        Necr           4%         2d6       45%         3
 Vhi's Electric Charge    Tloc/Air       8%         N/A       45%         3
 Flame Wave               Conj/Fire      4%         2d5       86%         4
 Passage of Golubria      Tloc           4%         N/A       86%         4
 Sticky Flame             Conj/Fire      4%         2d3       86%         4
 Agony                    Necr           4%         N/A       99%         5
 Alistair's Intoxication  Tmut/Pois      2%         N/A       99%         5
 Arcjolt                  Conj/Air       2%         1d12      99%         5
 Borgnjor's Vile Clutch   Necr/Erth      2%         N/A       99%         5
 Fireball                 Conj/Fire      2%         3d4       99%         5
 Iskenderun's Battlesphe  Conj           4%         2d6       99%         5
 Lightning Bolt           Conj/Air       2%         1d13      99%         5
 Silence                  Hex/Air        2%         N/A       99%         5
 Yara's Violent Unravell  Hex/Tmut       2%         3d3       99%         5
 Conjure Ball Lightning   Conj/Air       2%         3x3d6     100%        6
 Eringya's Noxious Bog    Tmut/Pois      2%         N/A       100%        6
 Enfeeble                 Hex            2%         N/A       100%        7
 Orb of Destruction       Conj           2%         9d5       100%        7
 Lehudib's Crystal Spear  Conj/Erth      2%         10d2      100%        8
 Maxwell's Capacitive Co  Air            2%         ∞         100%        8


Dungeon Overview and Level Annotations

Branches:
Dungeon (15/15)            Temple (1/1) D:5            Lair (5/5) D:11
  Swamp (0/4) Lair:2        Snake (4/4) Lair:2        Slime (0/5) Lair:5
    Orc (2/2) D:11            Elf (0/3) Orc:2        Vaults (0/5) D:14
  Sewer (visited)           IceCv (visited)
 Depths: D:15

Shops:
D:1 [   D:5 [   D:7 (   D:10 !   D:12 *   Orc:2 =?(!   Snake:1 *=!*   Snake:2 :

Annotations:
D:4 Grinder
D:14 Jorgrun
D:15 exclusion: fire dragon
Snake:3 Roxanne


Innate Abilities, Weirdness & Mutations

You are a tree.
Your roots penetrate the ground, keeping you stationary.
You cannot be teleported.
You are immune to unholy pain and torment.
Your maximum health is greatly increased.
Your equipment is partially melded.
You have an increased reservoir of magic. (+10% MP)
You shall have no god before yourself.
Your divine heritage dramatically boosts your attributes as you level up.


Message History

The naga warrior is severely wounded.
The naga warrior spits poison at you. You block the splash of poison.
The naga warrior constricts you.
You hit the naga warrior but do no damage.
The naga warrior is severely wounded.
The naga warrior spits poison at you. The splash of poison hits you.
You are poisoned.
You resist.
* * * LOW HITPOINT WARNING * * *
The naga warrior constricts you.
You thrash the naga warrior!!!
You kill the naga warrior!
You feel sick.
A salamander tyrant comes into view.
Unknown command.
Unknown command.
Unknown command.
Unknown command.
You feel much better.
You feel sick.
The salamander tyrant gazes fiercely through you!
You feel your attacks grow feeble.
Unknown command.
Unknown command.
You pummel the salamander tyrant!!
The salamander tyrant is moderately wounded.
You feel sick. The salamander tyrant hits you.
* * * LOW HITPOINT WARNING * * *
You are engulfed in flames!!
* * * LOW HITPOINT WARNING * * *
Unknown command.
Unknown command.
Unknown command.
Unknown command.
You pummel the salamander tyrant!!
The salamander tyrant is heavily wounded.
You feel sick. The salamander tyrant hits you.
* * * LOW HITPOINT WARNING * * *
You are engulfed in flames!!
You die...

..######
#...##
..###
#....#
....#
#....#
###..#
#....# #.#
#....# ...
#.#..# #
...
#..#..# .#
..
#..#..#..#
#..#.♣N..#
.#.#†)).##
#)...#
##..##
####


You could see a salamander tyrant.

Vanquished Creatures
  Vashnia (Snake:3)
  Gastronok (Lair:2)
  The ghost of ragingrage the Unseen, a journeyman OpFE of Gozag (Orc:2)
  Azrael (D:14)
  4 dire elephants
  4 vault guards (D:14)
  2 catoblepae
  4 hydras
  2 salamander tyrants
  3 ogre magi (D:15)
  11 naga warriors
  A tengu warrior (D:15)
  9 anacondas
  4 centaur warriors
  A boulder beetle (Lair:1)
  15 two-headed ogres
  A death yak (Lair:5)
  14 shock serpents
  A spectral dire elephant (Lair:5)
  21 naga sharpshooters
  3 orc high priests (Orc:2)
  3 salamander mystics
  A fire crab (Lair:4)
  7 skeletal warriors
  A deep troll (Lair:3)
  A spectral anaconda (Lair:5)
  9 naga ritualists
  A spectral death yak (Lair:5)
  A bog body (Lair:2)
  A wizard (D:14)
  An obsidian statue (Lair:5)
  7 orc knights
  4 necromancers (Lair:5)
  3 deep elf pyromancers
  5 orc sorcerers
  12 mana vipers
  11 ugly things
  14 salamanders
  An oklob plant (Lair:4)
  3 cyclopes
  4 manticores
  36 black mambas
  2 moths of wrath (Orc:2)
  3 guardian serpents (Snake:4)
  22 elephants
  9 cane toads
  2 ice statues (IceCv)
  17 naga magi
  A cane toad (shapeshifter) (D:11)
  2 gargoyles
  A yaktaur (D:14)
  A dire elephant skeleton (Lair:5)
  6 rime drakes
  2 torpor snails
  A kobold demonologist (D:14)
  6 komodo dragons
  2 tengu conjurers
  4 polar bears
  4 trolls
  2 spectral elephants (Lair:5)
  10 dream sheep
  13 blink frogs
  A vampire (D:11)
  5 wyverns
  Sigmund (D:4)
  11 slime creatures
  4 wraiths
  A dire elephant simulacrum (IceCv)
  4 fire elementals (D:15)
  6 basilisks
  2 humans (D:14)
  60 yaks
  4 steam dragons
  2 vampire mosquitoes (D:11)
  A death yak simulacrum (IceCv)
  43 nagas
  2 spectral cane toads (Lair:5)
  Edmund (D:5)
  An acid dragon (D:11)
  16 water moccasins
  2 hell hounds
  5 black bears
  24 orc warriors
  An ice beast (D:5)
  14 ogres
  2 centaurs
  30 wolves
  4 kobold brigands
  8 bullfrogs
  A necrophage (D:6)
  6 scorpions
  3 cane toad simulacra (Lair:5)
  8 wights
  9 jellies
  3 killer bees (D:8)
  An elephant simulacrum (IceCv)
  6 howler monkeys
  3 electric eels
  4 hounds
  17 orc priests
  2 gnoll boudas
  Natasha (thrice) (D:4)
  6 iguanas
  18 orc wizards
  4 hell rats (Lair:2)
  A wolf simulacrum (IceCv)
  14 gnolls
  15 adders
  4 river rats
  3 white imps
  3 ufetubi (D:7)
  A dart slug (D:3)
  49 orcs
  7 endoplasms
  6 giant cockroaches
  6 goblins
  4 hobgoblins
  7 jackals
  27 kobolds
  3 quokkas
  12 ball pythons
  5 bats
  8 frilled lizards
  10 rats
874 creatures vanquished.

Vanquished Creatures (collateral kills)
  A hydra (Lair:5)
1 creature vanquished.

Vanquished Creatures (others)
  A naga mage (Snake:3)
  An orc wizard (Orc:2)
  68 fungi
  74 plants
  24 withered plants
168 creatures vanquished.

Grand Total: 1043 creatures vanquished

Notes
Turn   | Place    | Note
-------+----------+-------------------------------------------
     0 | D:5      | drugrobin the Demigod Delver began the quest for the Orb.
     0 | D:5      | Reached XP level 1. HP: 18/18 MP: 3/3
     9 | D:5      | Noticed a black bear
    97 | D:5      | Noticed an ice beast
   156 | D:4      | Noticed an ogre
   535 | D:3      | Reached skill level 2 in Unarmed Combat
   815 | D:2      | Reached XP level 2. HP: 25/25 MP: 4/4
  1316 | D:1      | Found Xischuze's Armour Shop.
  1644 | D:1      | Reached skill level 3 in Unarmed Combat
  2134 | D:2      | Reached XP level 3. HP: 21/30 MP: 5/5
  2531 | D:2      | Reached skill level 4 in Unarmed Combat
  2796 | D:3      | Reached XP level 4. HP: 37/37 MP: 6/6
  3334 | D:4      | Noticed Sigmund
  3342 | D:4      | Killed Sigmund
  3343 | D:4      | Reached skill level 5 in Unarmed Combat
  3343 | D:4      | Reached XP level 5. HP: 23/42 MP: 3/7
  3470 | D:4      | Reached skill level 6 in Unarmed Combat
  3470 | D:4      | Reached XP level 6. HP: 32/50 MP: 4/8
  3506 | D:4      | Noticed Grinder
  3635 | D:4      | Noticed Natasha
  3813 | D:5      | Reached skill level 7 in Unarmed Combat
  3912 | D:5      | Found a staircase to the Ecumenical Temple.
  3918 | Temple   | Entered the Ecumenical Temple
  4057 | D:5      | Reached XP level 7. HP: 39/56 MP: 4/9
  4361 | D:5      | Reached skill level 8 in Unarmed Combat
  4503 | D:5      | Noticed Edmund
  4737 | D:5      | Found Hiruimm's Antique Armour Boutique.
  4741 | D:5      | Bought a shiny helmet for 165 gold pieces
  5073 | D:5      | Killed Edmund
  5074 | D:5      | Reached skill level 9 in Unarmed Combat
  5388 | D:6      | Reached XP level 8. HP: 52/62 MP: 8/10
  5674 | D:6      | Found a glowing drain.
  5678 | Sewer    | Entered a sewer
  6454 | D:6      | Reached skill level 10 in Unarmed Combat
  7082 | D:4      | Reached skill level 11 in Unarmed Combat
  7432 | D:4      | Killed Natasha
  7493 | D:4      | Noticed Natasha
  7504 | D:4      | Killed Natasha
  7531 | D:4      | Noticed Natasha
  7537 | D:4      | Killed Natasha
  8213 | D:7      | Reached XP level 9. HP: 62/68 MP: 9/11
  8927 | D:7      | Found Juwu's Antique Weapon Shoppe.
  8933 | D:7      | Bought a runed longbow for 275 gold pieces
  9015 | D:7      | Reached skill level 12 in Unarmed Combat
 10076 | D:9      | Noticed a cyclops
 10095 | D:10     | Entered Level 10 of the Dungeon
 10230 | D:9      | Reached skill level 13 in Unarmed Combat
 10314 | D:9      | Noticed a two-headed ogre
 10450 | D:9      | a cyclops changed into a polar bear
 10996 | D:9      | Killed a two-headed ogre
 10997 | D:9      | Reached XP level 10. HP: 28/74 MP: 7/13
 11292 | D:10     | Found Plog's Distillery.
 11304 | D:10     | Bought a potion of heal wounds for 75 gold pieces
 11575 | D:10     | Reached skill level 14 in Unarmed Combat
 12426 | D:11     | Noticed a two-headed ogre
 12862 | D:11     | Found a staircase to the Lair.
 12890 | D:11     | Found a staircase to the Orcish Mines.
 12937 | D:11     | Reached skill level 15 in Unarmed Combat
 13026 | D:11     | Reached skill level 5 in Fighting
 13413 | D:11     | Reached XP level 11. HP: 85/88 MP: 12/14
 13615 | Lair:1   | Entered Level 1 of the Lair of Beasts
 13620 | Lair:1   | Identified a scroll of acquirement
 13621 | Lair:1   | Acquired the +3 pair of seven-league boots {Rampage+∞}
 13621 | Lair:1   | Found the +3 pair of seven-league boots {Rampage+∞}
 14346 | Lair:1   | Noticed a catoblepas
 14378 | Lair:2   | Noticed a bog body
 14378 | Lair:2   | Found a staircase to the Swamp.
 14557 | Lair:2   | Noticed Gastronok
 14574 | Lair:2   | Killed Gastronok
 14575 | Lair:2   | Reached skill level 16 in Unarmed Combat
 14786 | Lair:2   | Killed a bog body
 15000 | Lair:2   | Identified the +8 great sword of Perfectionism {drain,
                  | rElec rPois rF-}
 15140 | Lair:2   | Found a staircase to the Snake Pit.
 15242 | Lair:1   | Killed a catoblepas
 15629 | Lair:1   | Reached skill level 17 in Unarmed Combat
 15629 | Lair:1   | Reached XP level 12. HP: 88/101 MP: 11/15
 15814 | Lair:1   | Noticed a boulder beetle
 15852 | Lair:1   | Killed a boulder beetle
 16412 | Lair:3   | Found a frozen archway.
 16464 | IceCv    | Entered an ice cave
 16657 | IceCv    | Found a transporter.
 16663 | IceCv    | Identified the ring of the Inquisitive Allies {EV+5 Str+3}
 16667 | IceCv    | Found a transporter.
 17077 | Lair:3   | Reached skill level 18 in Unarmed Combat
 18630 | Lair:4   | Reached XP level 13. HP: 112/112 MP: 14/16
 19112 | Lair:5   | Entered Level 5 of the Lair of Beasts
 19229 | Lair:4   | Reached skill level 10 in Fighting
 19401 | Lair:5   | Reached skill level 19 in Unarmed Combat
 19676 | Lair:5   | Found a staircase to the Slime Pits.
 20288 | Lair:5   | Noticed a dire elephant
 20288 | Lair:5   | Noticed a dire elephant
 20288 | Lair:5   | Noticed a dire elephant
 20288 | Lair:5   | Noticed a dire elephant
 20326 | Lair:4   | Killed a dire elephant
 20718 | Orc:1    | Entered Level 1 of the Orcish Mines
 21232 | Orc:2    | Entered Level 2 of the Orcish Mines
 21232 | Orc:2    | Found a staircase to the Elven Halls.
 21313 | Orc:2    | Reached skill level 20 in Unarmed Combat
 21313 | Orc:2    | Reached XP level 14. HP: 102/124 MP: 11/17
 21405 | Orc:2    | Found a transporter.
 21452 | Orc:2    | Found a transporter.
 21715 | Orc:2    | Found Boedop's Jewellery Shoppe.
 21962 | Orc:2    | Reached skill level 5 in Dodging
 22122 | Orc:2    | Found Taohy's Magic Scroll Shoppe.
 22127 | Orc:2    | Found Fumorril's Distillery.
 22346 | Orc:2    | Found Fovouw Musuo's Weapon Shop.
 22355 | Orc:2    | Bought a potion of attraction for 39 gold pieces
 22358 | Orc:2    | Bought a scroll of blinking for 127 gold pieces
 22358 | Orc:2    | Bought a scroll of identify for 34 gold pieces
 22815 | D:12     | Identified the +1 pair of gloves "Fiogurr" {rCorr Dex+2}
 22943 | D:12     | Found Tafuanea's CLEARANCE SALE!.
 22948 | D:12     | Bought a scroll of teleportation for 9 gold pieces
 22948 | D:12     | Bought a scroll of identify for 6 gold pieces
 23842 | D:13     | Identified the +1 robe of Xoeg {rPois Str+3}
 23879 | D:13     | Identified the +1 hand axe of Profit {protect, Fragile
                  | rPois Str+4 Dex+3}
 24114 | D:14     | Reached skill level 1 in Spellcasting
 24308 | D:14     | Noticed Jorgrun
 24509 | D:14     | Found a gate to the Vaults.
 25343 | D:15     | Entered Level 15 of the Dungeon
 25497 | D:15     | Noticed Azrael
 25647 | D:14     | Killed Azrael
 26289 | D:15     | Reached XP level 15. HP: 134/134 MP: 25/25
 26427 | D:15     | Identified the +7 whip of Cosurr {pain, rElec}
 27526 | Lair:5   | Reached skill level 10 in Dodging
 27772 | Lair:5   | Got the Atlas of the Nine Seas
 28307 | Orc:2    | Noticed ragingrage's ghost (journeyman OpFE)
 28530 | Orc:2    | Killed ragingrage's ghost
 28686 | Snake:1  | Entered Level 1 of the Snake Pit
 28929 | Snake:1  | Found Iquu's Assorted Antiques.
 28956 | Snake:1  | Found Ceisinop's Distillery.
 28956 | Snake:1  | Found Daohihus's Jewellery Shop.
 29008 | Snake:1  | Found Uziefohi's General Store.
 29026 | Snake:1  | Bought a scroll of brand weapon for 152 gold pieces
 29034 | Snake:1  | Bought the brooch of Shielding {Spirit SH+8} for 975 gold
                  | pieces
 29034 | Snake:1  | Found the brooch of Shielding {Spirit SH+8}
 29049 | Snake:1  | Bought a potion of heal wounds for 125 gold pieces
 29049 | Snake:1  | Bought a potion of lignification for 75 gold pieces
 30366 | Snake:1  | You fall into a shaft and drop 1 floor!
 30472 | Snake:1  | Acquired a manual of Armour
 30505 | Snake:2  | Reached skill level 1 in Evocations
 31217 | Snake:2  | Found Tiont's Book Emporium.
 31303 | Snake:2  | Reached XP level 16. HP: 100/147 MP: 19/26
 31391 | Snake:2  | Reached skill level 1 in Armour
 31665 | Snake:2  | Reached skill level 5 in Armour
 32660 | Snake:3  | Identified Roxanne's Writings on Configuration
 32660 | Snake:3  | Noticed Roxanne
 33208 | Snake:3  | Noticed Vashnia
 33244 | Snake:3  | Killed Vashnia
 33309 | Snake:3  | Reached skill level 15 in Fighting
 33506 | Snake:3  | Identified the amulet of Togydann {Acrobat Harm rCorr Str-2
                  | Dex+3}
 34035 | Snake:4  | Entered Level 4 of the Snake Pit
 34377 | Snake:4  | HP: 7/225 [naga warrior/+0 morningstar of protection (6)]
 34384 | Snake:4  | Slain by a salamander tyrant

Illustrated notes

Levels and vault maps discovered:
D:1:      doesnt_arrival_eight_statues, layout_basic, serial_shops, shop
D:2:      layout_basic, kennysheep_generic_room_7
D:3:      layout_basic, nicolae_tso_carved_into_rock,
          shapermc_ecumenical_altar_mp_urbaneastern
D:4:      layout_loops_cross, kiku_gazebo_garden_becter, uniq_sigmund,
          uniq_grinder, uniq_natasha
D:5:      layout_cave_pods, lemuel_tele_altar, temple_statues, serial_shops,
          shop, kennysheep_dice, uniq_edmund
D:6:      layout_basic, mainiacjoe_overflow_24_doors, gup_sewer_entry_bowl
D:7:      layout_loops_corners, mainiacjoe_overflow_brackets, zin_academy,
          nicolae_uskayaw_dance_studio, serial_shops, nicolae_shop_crystal,
          kennysheep_nondescript, kennysheep_decorative_pillar, st_stairs_13
D:8:      layout_rooms, marbit_many_paths, minmay_misc_feat_ornament,
          skrybe_limestone_x
D:9:      layout_gridville, overflow_temple_1_default
D:10:     layout_stronghold, grunt_temple_overflow_diamond, lemuel_doored_altar,
          serial_shops, nicolae_shop_trees, corexii_corridor_pit
D:11:     layout_gridville, due_lair_maze_entry_diamond
D:12:     layout_stronghold, nicolae_shop_clearance
D:13:     layout_basic
D:14:     layout_basic, grunt_vaults_entry_fortified,
          lemuel_coloured_pillars_altar, uniq_jorgrun
D:15:     grunt_enter_depths_hoard, layout_grid_maze, wad_floor_pattern_1,
          uniq_azrael
Temple:   nicolae_temple_ecumenical_triangle
Lair:1:   layout_cave_pods, pdpol_lair_cavern_descent
Lair:2:   beast_lair_carwin_large_1, layout_concentric_octagons,
          skrybe_swamp_entry_bodies, dummy_snake_entry,
          dreamdust_gnoll_shepherd, uniq_gastronok
Lair:3:   dreamdust_cave_troll, layout_regular_city, portal_ice_cave_rime,
          gammafunk_lair_bear_cave
Lair:4:   layout_cave_pods
Lair:5:   due_jungle_book, layout_regular_city, nicolae_slime_entry_field_trip,
          grunt_megastairs_3, serial_bayou_shore_b
Snake:1:  layout_chambers, lemuel_fruit_tree, nicolae_triple_integral,
          minmay_shoptagon
Snake:2:  layout_chambers, serial_shops, nicolae_shop_window_shopping
Snake:3:  layout_misc_corridors, nicolae_snake_storage_room, uniq_roxanne,
          uniq_vashnia
Snake:4:  grunt_snake_rune_serpentine_throne, layout_misc_corridors,
          nicolae_snake_naga_rites, uniq_louise
Orc:1:    layout_caves, mines_bat_river
Orc:2:    st_orc_elflike, layout_caves, gammafunk_ghost_wrathful_warriors

Skill      XL: |  1  2  3  4  5  6  7  8  9 10 11 12 13 14 15 16 |
---------------+-------------------------------------------------+-----
Unarmed Combat | 2 3 4 5 6 7 9 11 13 15 17 18 20 | 20.8
Fighting       | 5 7 9 11 12 14 15 | 15.7
Dodging        | 4 9 12 | 12.0
Spellcasting   | 4 |  4.0
Evocations     | 3 4 |  4.0
Armour         | 8 |  8.0
Stealth        | |  4.5

Action                   |  1- 3 |  4- 6 |  7- 9 | 10-12 | 13-15 | 16-18 || total
-------------------------+-------+-------+-------+-------+-------+-------++-------
Melee: Unarmed           |   263 |    69 |   381 |   629 |  1539 |   573 ||  3454
       Punch             |     3 |     6 |    33 |    81 |   122 |       ||   245
       Dagger            |       |     7 |    63 |    49 |    23 |       ||   142
       Great sword       |       |       |       |    11 |       |       ||    11
 Fire: Arbalest          |       |       |     3 |       |       |       ||     3
       Longbow           |       |       |    35 |    41 |    23 |       ||    99
Throw: Dart              |       |       |    12 |    47 |     5 |       ||    64
       Throwing net      |       |       |       |     1 |       |       ||     1
       Boomerang         |       |       |       |       |    10 |     2 ||    12
Evoke: Wand              |       |     6 |    16 |    15 |     6 |       ||    43
       Phantom mirror    |       |       |       |       |     2 |       ||     2
       Lightning rod     |       |       |       |       |     4 |     3 ||     7
       Tin of tremorston |       |       |       |       |       |     2 ||     2
  Use: Scroll            |     2 |       |     8 |    13 |     7 |     3 ||    33
       Potion            |       |       |       |     3 |     1 |     5 ||     9
 Stab: Sleeping          |     8 |     1 |    12 |     2 |     5 |       ||    28
       Distracted        |       |       |       |     1 |       |       ||     1
       Paralysed         |       |       |       |       |     1 |       ||     1
Armor: Leather armour    |    62 |       |       |     5 |       |       ||    67
       Ring mail         |    15 |    32 |    47 |       |       |       ||    94
       Chain mail        |       |       |   152 |    59 |       |       ||   211
       Troll leather arm |       |       |       |   113 |   211 |    43 ||   367
       Skin              |       |       |       |    24 |       |    21 ||    45
Dodge: Dodged            |   140 |    31 |   184 |   280 |   928 |   308 ||  1871
Block: Buckler           |       |       |       |       |   224 |   287 ||   511

Table legend: (Time is in decaauts)
 A = Elapsed time spent in this place.
 B = Non-inter-level travel time spent in this place.
 C = Inter-level travel time spent in this place.
 D = Time resting spent in this place.
 E = Time spent auto-exploring this place.
 F = Levels seen in this place.
 G = Mean time per level.
                   A        B        C        D        E       F      G
               +--------+--------+--------+--------+--------+-----+--------+
         Total |  33627 |  31324 |   2303 |   2713 |  18703 |  29 | 1159.6 |
       Dungeon |  17165 |  15740 |   1425 |    769 |  10175 |  15 | 1144.3 |
        Temple |      1 |      1 |      0 |      0 |      0 |   1 |    1.0 |
          Lair |   7744 |   7183 |    561 |    851 |   3957 |   5 | 1548.8 |
     Snake Pit |   5249 |   5168 |     81 |    501 |   3004 |   4 | 1312.2 |
  Orcish Mines |   2091 |   1856 |    235 |    179 |    977 |   2 | 1045.5 |
         Sewer |    819 |    819 |      0 |      0 |    589 |   1 |  819.0 |
      Ice Cave |    555 |    555 |      0 |    413 |      0 |   1 |  555.0 |
               +--------+--------+--------+--------+--------+-----+--------+

Top non-repeatable levels by time:
  Lair:5: 2309 daAuts
 Snake:1: 1892 daAuts
  Lair:1: 1750 daAuts
 Snake:2: 1676 daAuts
     D:5: 1574 daAuts
   Orc:2: 1519 daAuts
 Snake:3: 1473 daAuts
  Lair:4: 1430 daAuts
     D:7: 1398 daAuts
    D:14: 1384 daAuts
    D:15: 1381 daAuts
    D:10: 1349 daAuts
     D:3: 1327 daAuts
     D:9: 1261 daAuts
     D:4: 1258 daAuts
